 Dungeon Crawl Stone Soup version 0.24.0-125-gc4c63601f3 (webtiles) character file.

Game seed: 17988952971548572524, levelgen mode: deterministic

854 Descartes the Scratcher (level 7, -5/33 HPs)
             Began as a Felid Monk on Feb 27, 2020.
             Slain by an ice beast (12 damage)
             ... on level 6 of the Dungeon.
             The game lasted 00:10:39 (6659 turns).

Descartes the Scratcher (Felid Monk)                Turns: 6659, Time: 00:10:41

Health: -5/33      AC:  7    Str:  9    XL:     7   Next: 70%
Magic:  17/17      EV: 23    Int: 12    God:
Gold:   326        SH:  0    Dex: 18    Spells: 6/6 levels left
                                        Lives:  0   Deaths: 2

rFire    . . .     SeeInvis +     - Unarmed
rCold    . . .     Gourm    .   (shield unavailable)
rNeg     . . .     Faith    .   (armour unavailable)
rPois    .         Spirit   .   (helmet unavailable)
rElec    .         Reflect  .   (cloak unavailable)
rCorr    .         Harm     .   (gloves unavailable)
MR       +....                  (boots unavailable)
Stlth    ++++......             (no amulet)
HPRegen  0.11/turn              o - ring of magical power
MPRegen  0.15/turn              h - +5 ring of protection

@: quick
A: very small, no armour, no weapons or thrown items, stealth, claws 1, fangs 3,
see invisible, carnivore, speed 1, shaggy fur 2, slow metabolism 1, sharp paws
a: no special abilities


You were on level 6 of the Dungeon.
You were completely stuffed.

You visited 2 branches of the dungeon, and saw 7 of its levels.

You collected 326 gold pieces.

Inventory:

Missiles
 c - 118 stones
 d - 45 arrows
Jewellery
 h - a +5 ring of protection (right paw)
 o - a ring of magical power (left paw)
Scrolls
 b - 2 scrolls of fear
 e - a scroll of remove curse
 i - a scroll of amnesia {unknown}
 j - a scroll of fog
 l - a scroll of enchant armour
 p - a scroll of teleportation
 s - 2 scrolls of noise
Potions
 f - a potion of lignification
 g - 3 potions of curing
 k - 2 potions of agility
 m - a potion of flight
 n - 2 potions of brilliance
 q - a potion of cancellation
Comestibles
 a - 7 rations
 r - 6 chunks of flesh


   Skills:
 + Level 5.6 Fighting
 + Level 7.4 Dodging
 + Level 7.3 Stealth
 * Level 7.4 Unarmed Combat


You had 6 spell levels left.
You didn't know any spells.
Your spell library was empty.

Dungeon Overview and Level Annotations

Branches:
Dungeon (6/15)             Temple (1/1) D:5

Altars:
Ashenzari
Cheibriados
Dithmenos
Fedhas
Gozag
Hepliaklqana
Makhleb
Nemelex Xobeh
Okawaru
Qazlal
Sif Muna
Trog
Uskayaw
Vehumet
Wu Jian
Zin
The Shining One

Annotations:
D:2 1 runed translucent door, Crazy Yiuf


Innate Abilities, Weirdness & Mutations

You cannot wear armour.
You are incapable of wielding weapons or throwing items.
Your paws allow you to move quietly. (Stealth)
You have sharp claws.
You have razor-sharp teeth.
You have supernaturally acute eyesight. (SInv)
You are carnivorous and can eat meat at any time.
You cover ground quickly.
You are covered in thick fur. (AC +2)
You have a slow metabolism.
Your sharp claws are effective at attacking unaware monsters.


Message History

The ice beast is moderately wounded.
The ice beast barely misses you.
You scratch the ice beast.
The ice beast is heavily wounded.
The ice beast misses you. The bullfrog skeleton misses you.
You scratch the ice beast.
The ice beast is heavily wounded.
The bullfrog skeleton completely misses you.
The ice beast hits you. The ice beast freezes you!
The bullfrog skeleton hits you. The ice beast hits you.
The ice beast freezes you.
There is a stone staircase leading up here.
The bullfrog skeleton hits you.
* * * LOW HITPOINT WARNING * * *
The orc wizard completely misses you.
The bullfrog skeleton barely misses you.
The ice beast hits you.
* * * LOW HITPOINT WARNING * * *
The ice beast freezes you!
You die...

....)<.# ###..##.....Z.........
.......#####..>..#...............
o........##..........##....##....
.....................#....###..##
..........................##o..#
.................?.....#..#..###
..........#####...........o...##
.........## ##.............%...#
.......... ##...@Z........H....#
..........##....oY........######
......................#.#
......................#
...............###.....
....<.......# .....
............... ....
............... ....
...>#...........


You could see an ice beast, an orc wizard and a bullfrog skeleton.

Vanquished Creatures
  Prince Ribbit (D:5)
  A hippogriff (D:5)
  Menkaure (D:5)
  Purgy (D:4)
  An ice beast (D:6)
  2 ogres
  A bullfrog (D:5)
  2 scorpions
  A howler monkey (D:3)
  2 crimson imps (D:5)
  A bullfrog zombie (D:5)
  A centaur skeleton (D:4)
  2 orc wizards
  A jelly (D:6)
  An iguana (D:4)
  3 worker ants
  6 adders
  An adder zombie (D:5)
  3 adder skeletons
  A worm (D:3)
  2 dart slugs
  3 leopard geckos
  21 orcs
  2 bats (D:3)
  8 giant cockroaches
  6 goblins
  9 hobgoblins
  4 jackals
  A ball python (D:4)
  2 frilled lizards
  7 kobolds
  5 rats
  A fungus (D:2)
104 creatures vanquished.

Notes
Turn   | Place    | Note
-------+----------+-------------------------------------------
     0 | D:1      | Descartes the Felid Monk began the quest for the Orb.
     0 | D:1      | Reached XP level 1. HP: 10/10 MP: 2/2
   239 | D:1      | Reached XP level 2. HP: 14/14 MP: 3/3
  1141 | D:2      | Found a blossoming altar of Fedhas.
  1142 | D:2      | Reached XP level 3. HP: 17/17 MP: 4/4
  1929 | D:2      | Found a runed translucent door.
  1930 | D:2      | Noticed Crazy Yiuf
  2065 | D:3      | Reached XP level 4. HP: 21/21 MP: 5/5
  2236 | D:3      | Found a faded altar of an unknown god.
  2329 | D:3      | Killed from afar by an orc wizard
  2330 | D:3      | Reached XP level 3. HP: -7/17 MP: 4/4
  2607 | D:3      | Reached XP level 4. HP: 21/21 MP: 5/5
  2655 | D:3      | Reached skill level 5 in Dodging
  2932 | D:3      | Found a radiant altar of Vehumet.
  3127 | D:4      | Noticed an ogre
  3131 | D:4      | Killed an ogre
  3131 | D:4      | Reached XP level 5. HP: 25/25 MP: 6/6
  3146 | D:4      | Found an ornate altar of the Wu Jian Council.
  3180 | D:4      | Found a sparkling altar of Nemelex Xobeh.
  3417 | D:4      | Reached skill level 5 in Unarmed Combat
  3417 | D:4      | Gained mutation: You are covered in thick fur. (AC +2)
                  | [Felid growth]
  3417 | D:4      | Reached XP level 6. HP: 28/28 MP: 7/7
  3587 | D:4      | Noticed Purgy
  3627 | D:4      | Killed Purgy
  3627 | D:4      | Reached skill level 5 in Stealth
  4218 | D:5      | Entered Level 5 of the Dungeon
  4342 | D:5      | Reached XP level 7. HP: 20/33 MP: 8/8
  4800 | D:5      | Noticed Menkaure
  4805 | D:5      | Killed Menkaure
  4828 | D:5      | Found a staircase to the Ecumenical Temple.
  4828 | D:5      | Noticed Prince Ribbit
  4841 | Temple   | Entered the Ecumenical Temple
  5458 | D:5      | Found a hazy altar of Hepliaklqana.
  5460 | D:5      | Found a shadowy altar of Dithmenos.
  5462 | D:5      | Found a bloodstained altar of Trog.
  5641 | D:5      | Found an iron altar of Okawaru.
  5742 | D:5      | Killed Prince Ribbit
  5742 | D:5      | Reached skill level 5 in Fighting
  5808 | D:5      | Reached XP level 8. HP: 37/37 MP: 9/9
  5843 | D:6      | Noticed a hippogriff
  6530 | D:5      | Slain by a hippogriff
  6531 | D:5      | Reached XP level 7. HP: -2/33 MP: 17/17
  6591 | D:5      | Killed a hippogriff
  6659 | D:6      | Slain by an ice beast

Levels and vault maps discovered:
D:1:      minmay_arrival_three_doors, layout_basic
D:2:      layout_basic, fedhas_ov_isle_minmay, uniq_crazy_yiuf_cottage
D:3:      layout_loops_corners, vehumet_crystals, first_ration,
          chequers_ecumenical_altar_simple, serial_glass, glass_columns_a,
          glass_columns_a, feat_on_display, due_unseen_surprise,
          minmay_strange_pillars, minmay_strange_pillars
D:4:      layout_loops_corners, nemelex_xobeh_ov_fountains_minmay,
          old_standard_altar, uniq_purgy
D:5:      layout_basic, grunt_temple_overflow_open,
          minmay_temple_entry_mini_moons, basic_altar, uniq_menkaure,
          uniq_prince_ribbit1
D:6:      layout_cave_pools, serial_shops, shop_fountains,
          chequers_serial_rivers_micro_e
Temple:   compressed_dpeg_triangle_lava_temple

Skill      XL: |  1  2  3  4  5  6  7  8 |
---------------+-------------------------+-----
Stealth        | 3 4 5 6 7 |  7.3
Unarmed Combat | 4 5 6 7 |  7.4
Dodging        | 5 6 7 |  7.4
Fighting       | 4 5 |  5.6

Action                   |  1- 3 |  4- 6 |  7- 9 || total
-------------------------+-------+-------+-------++-------
Melee: Unarmed           |   130 |   150 |   119 ||   399
       Bite              |     9 |    13 |    12 ||    34
       Punch             |     1 |     3 |     2 ||     6
  Use: Scroll            |     2 |    10 |     2 ||    14
       Potion            |       |     2 |       ||     2
 Stab: Sleeping          |    13 |    15 |     4 ||    32
  Eat: Chunk             |    15 |     4 |    10 ||    29
Armor: Skin              |     1 |     6 |    17 ||    24
Dodge: Dodged            |    72 |   141 |   115 ||   328
